 Dungeon Crawl Stone Soup version 0.22-a0-292-g0df9d5f (webtiles) character file.

4961 Amnesiac the Thaumaturge (level 10, -1/54 HPs)
             Began as a Tengu Wizard on Mar 23, 2018.
             Was a Priest of Sif Muna.
             Slain by a wraith (14 damage)
             ... on level 8 of the Dungeon.
             The game lasted 00:19:53 (7610 turns).

Amnesiac the Thaumaturge (Tengu Wizard)             Turns: 7610, Time: 00:19:54

Health: -1/54      AC:  6    Str:  8    XL:     10   Next: 53%
Magic:  13/25      EV: 16    Int: 21    God:    Sif Muna [***...]
Gold:   523        SH:  5    Dex: 13    Spells: 20/29 levels left

rFire    . . .     SeeInvis .   a - +3 falchion
rCold    . . .     Gourm    .   u - +0 buckler
rNeg     + . .     Faith    .   B - +2 robe {rN+}
rPois    .         Spirit   .   D - +0 hat
rElec    .         Reflect  .   (no cloak)
rCorr    .         Harm     .   e - +1 pair of gloves
MR       .....                  (boots unavailable)
Stlth    ++........             k - amulet of magic regeneration
HPRegen  0.18/turn              (no ring)
MPRegen  0.44/turn              (no ring)

@: very slightly contaminated, slowed, divine energy, very slow
A: beak, talons 3, able to fly 1
a: Fly, Stop Divine Energy, Channel Magic, Renounce Religion


You were on level 8 of the Dungeon.
You worshipped Sif Muna.
Sif Muna was most pleased with you.
You were not hungry.

You visited 2 branches of the dungeon, and saw 9 of its levels.
You also visited: Ossuary.

You collected 593 gold pieces.
You spent 70 gold pieces at shops.

Inventory:

Hand Weapons
 a - a +3 falchion (weapon)
 b - a +1 dagger of venom
Missiles
 E - 3 curare-tipped needles
Armour
 e - a +1 pair of gloves (worn)
 m - a +0 leather armour of cold resistance
 u - a +0 buckler (worn)
 B - a +2 robe of positive energy (worn)
 D - a +0 hat (worn)
 G - a +0 cloak
Jewellery
 k - an amulet of magic regeneration (around neck)
 x - an uncursed amulet of regeneration
Wands
 y - a wand of enslavement (13)
Scrolls
 n - a scroll of amnesia {!r, unknown}
 p - 2 scrolls of teleportation {!r}
 r - 5 scrolls of remove curse {!r}
 v - 2 scrolls of blinking {!r, unknown}
 w - 2 scrolls of magic mapping {!r, unknown}
 z - a scroll of fog {!r, unknown}
 F - a scroll of enchant weapon {!r}
Potions
 c - 4 potions of flight {!q}
 f - a potion of resistance {!q}
 g - 2 potions of might {!q}
 h - 2 potions of mutation {!q}
 j - 3 potions of curing {!q}
 l - 6 potions of heal wounds {!q}
 o - 2 potions of brilliance {!q}
 q - a potion of lignification {!q}
 s - a potion of agility {!q}
 t - 2 potions of ambrosia {!q}
 A - 2 potions of cancellation {!q}
Comestibles
 d - 20 rations


   Skills:
 - Level 2.6 Fighting
 - Level 7.3 Dodging
 - Level 2.0 Stealth
 - Level 4.3 Shields
 - Level 10.0 Spellcasting
 + Level 6.6 Conjurations
 - Level 1.2 Summonings
   Level 0.7 Translocations
 + Level 6.7 Air Magic


You had 20 spell levels left.
You knew the following spells:

 Your Spells              Type           Power        Failure   Level  Hunger
a - Magic Dart            Conj           ####         1%          1    None
b - Call Imp              Summ           ###.....     6%          2    None
e - Mephitic Cloud        Conj/Pois/Air  ####....     3%          3    None
s - Conjure Flame         Conj/Fire      ###.....     4%          3    None


Dungeon Overview and Level Annotations

Branches:
Dungeon (8/15)             Temple (1/1) D:5
   Lair: D:8-11

Altars:
Elyvilon
Fedhas
Gozag
Kikubaaqudgha
Makhleb
Nemelex Xobeh
Okawaru
Qazlal
Ru
Sif Muna
Wu Jian
Yredelemnul
The Shining One

Shops:
D:5 :}!*


Innate Abilities, Weirdness & Mutations

You have a beak for a mouth.
You have claws for feet.
You can fly.


Message History

You miscast Magic Dart.
You are very lightly contaminated with residual magic.
Your skin tingles.
The wraith hits you. The wraith drains your vigour!
You feel as though you will be slow longer.
Casting: Magic Dart (safe; 1% risk of failure)
Confirm with . or Enter, or press ? or * to list all spells.
Aiming: Magic Dart (safe; 1% risk of failure)
Press: ? - help, Shift-Dir - straight line, f/p - wraith
Aim: a wraith (severely damaged)
The magic dart hits the wraith.
The wraith is severely damaged.
The wraith closely misses you. The wraith completely misses you.
Casting: Magic Dart (safe; 1% risk of failure)
Confirm with . or Enter, or press ? or * to list all spells.
Aiming: Magic Dart (safe; 1% risk of failure)
Press: ? - help, Shift-Dir - straight line, f/p - wraith
Aim: a wraith (severely damaged)
The magic dart hits the wraith.
The wraith is severely damaged.
The wraith barely misses you.
Casting: Magic Dart (safe; 1% risk of failure)
Confirm with . or Enter, or press ? or * to list all spells.
Aiming: Magic Dart (safe; 1% risk of failure)
Press: ? - help, Shift-Dir - straight line, f/p - wraith
Aim: a wraith (severely damaged)
The magic dart hits the wraith.
The wraith is severely damaged.
The wraith closely misses you.
You riposte.
You barely miss the wraith. You peck the wraith, but do no damage.
The wraith is severely damaged.
The wraith hits you!
* * * LOW HITPOINT WARNING * * *
The wraith drains your vigour!
You feel as though you will be slow longer.
Casting: Magic Dart (safe; 1% risk of failure)
Confirm with . or Enter, or press ? or * to list all spells.
Aiming: Magic Dart (safe; 1% risk of failure)
Press: ? - help, Shift-Dir - straight line, f/p - wraith
Aim: a wraith (severely damaged)
The magic dart hits the wraith.
The wraith is severely damaged.
The wraith hits you.
* * * LOW HITPOINT WARNING * * *
The wraith drains your vigour!
You feel as though you will be slow longer.
Casting: Magic Dart (safe; 1% risk of failure)
Confirm with . or Enter, or press ? or * to list all spells.
Aiming: Magic Dart (safe; 1% risk of failure)
Press: ? - help, Shift-Dir - straight line, f/p - wraith
Aim: a wraith (severely damaged)
The magic dart hits the wraith.
The wraith is severely damaged.
You block the wraith's attack. The wraith hits you.
* * * LOW HITPOINT WARNING * * *
The wraith drains your vigour!
You feel as though you will be slow longer.
Casting: Magic Dart (safe; 1% risk of failure)
Confirm with . or Enter, or press ? or * to list all spells.
You don't know that spell.
Casting: Magic Dart (safe; 1% risk of failure)
Confirm with . or Enter, or press ? or * to list all spells.
A beastly little devil appears in a puff of flame.
The wraith hits you!
You die...

#.# #.....# #######.# #.....#
####.......### #.....#
.............############.....###
..............................'..
...........#.####.............###
<###......##.# ##.............# #
####......##.# #..5...........# #
.....#.......# #@########.....# #
############## #W# #.....# # #
#8b8# ####### # # ##b## # # #z# #
# #z# # # .†. # # ... # # #'# #


You could see a wraith, 2 wights, 2 megabats and a friendly crimson imp.

Vanquished Creatures
  A two-headed ogre (D:8)
  The ghost of galech the Chopper, a novice DDFi of Elyvilon (D:7)
  Prince Ribbit (D:5)
  Sigmund (D:6)
  A wraith (D:8)
  A human (D:7)
  A fire bat (D:8)
  4 hogs (D:7)
  2 hungry ghosts (D:8)
  Duvessa (D:7)
  An orc warrior (D:8)
  A sky beast (D:5)
  2 black bears
  3 ogres
  A necrophage (D:7)
  A centaur (D:5)
  2 bullfrogs
  Dowan (D:7)
  2 water moccasin zombies (Ossuary)
  2 crimson imps (D:6)
  A quasit (D:7)
  A bullfrog zombie (D:6)
  2 orc priests
  9 orc wizards
  Crazy Yiuf (D:7)
  4 hounds
  An iguana (D:4)
  Terence (D:2)
  4 worker ants
  A killer bee zombie (D:8)
  4 big kobold zombies (Ossuary)
  A mummy (Ossuary)
  2 worker ant zombies
  3 gnolls (D:5)
  12 adders
  A shadow imp (D:5)
  An ooze (D:3)
  6 adder zombies (Ossuary)
  2 worms
  3 leopard geckos
  29 orcs
  10 bats
  6 giant cockroaches
  8 hobgoblins
  4 jackals (D:2)
  3 quokkas
  3 frilled lizards
  3 gnoll zombies (Ossuary)
  9 goblins
  3 hobgoblin zombies (Ossuary)
  10 kobolds
  4 kobold zombies (Ossuary)
  A leopard gecko skeleton (D:7)
  A leopard gecko zombie (D:5)
  4 orc zombies (Ossuary)
  A quokka zombie (D:6)
  7 rats
196 creatures vanquished.

Vanquished Creatures (others)
  A mummy (Ossuary)
1 creature vanquished.

Grand Total: 197 creatures vanquished

Notes
Turn   | Place    | Note
-------+----------+-------------------------------------------
     0 | D:1      | Amnesiac the Tengu Wizard began the quest for the Orb.
     0 | D:1      | Reached XP level 1. HP: 10/10 MP: 5/5
   241 | D:1      | Reached skill level 1 in Fighting
   241 | D:1      | Reached XP level 2. HP: 10/16 MP: 1/7
   875 | D:2      | Reached XP level 3. HP: 20/20 MP: 2/8
   880 | D:2      | Learned a level 3 spell: Mephitic Cloud
   884 | D:2      | Learned a level 3 spell: Conjure Flame
  1016 | D:2      | Found an opulent altar of Gozag.
  1248 | D:2      | Noticed Terence
  1249 | D:2      | Reached XP level 4. HP: 25/25 MP: 0/9
  1349 | D:2      | Learned a level 2 spell: Call Imp
  1586 | D:2      | Reached skill level 5 in Conjurations
  1622 | D:2      | Killed Terence
  2152 | D:3      | Found a stormy altar of Qazlal.
  2154 | D:3      | Found a burning altar of Makhleb.
  2201 | D:3      | Found an ancient bone altar of Kikubaaqudgha.
  2203 | D:3      | Found a sparkling altar of Nemelex Xobeh.
  2370 | D:3      | Gained mutation: You can fly. [Tengu growth]
  2370 | D:3      | Reached XP level 5. HP: 24/29 MP: 2/10
  3161 | D:4      | Reached skill level 1 in Shields
  3161 | D:4      | Reached XP level 6. HP: 16/35 MP: 0/11
  3399 | D:4      | Found a sand-covered staircase.
  3404 | Ossuary  | Entered an ossuary
  3488 | Ossuary  | Reached XP level 7. HP: 37/40 MP: 7/12
  3720 | Ossuary  | Reached skill level 5 in Dodging
  4259 | D:5      | Entered Level 5 of the Dungeon
  4264 | D:5      | Found Toaxoada's General Store.
  4458 | D:5      | Reached XP level 8. HP: 33/45 MP: 5/13
  4591 | D:5      | Found Qupa's Distillery.
  4604 | D:5      | Bought a potion of heal wounds for 70 gold pieces
  4696 | D:5      | Found Xykadeq's Gadget Shoppe.
  4700 | D:5      | Noticed Prince Ribbit
  4799 | D:5      | Found a staircase to the Ecumenical Temple.
  4836 | D:5      | Found Qipoitik's Book Emporium.
  4855 | Temple   | Entered the Ecumenical Temple
  4861 | Temple   | Became a worshipper of Sif Muna the Loreminder
  5000 | D:5      | Killed Prince Ribbit
  5000 | D:5      | Reached skill level 4 in Spellcasting
  5204 | D:6      | Noticed Sigmund
  5217 | D:6      | Killed Sigmund
  5226 | D:6      | Reached skill level 5 in Spellcasting
  5415 | D:6      | Got a crude quarterstaff
  5460 | D:6      | Reached * piety under Sif Muna
  5495 | D:6      | Reached skill level 6 in Spellcasting
  5574 | D:6      | Reached XP level 9. HP: 48/49 MP: 15/19
  6069 | D:7      | Got a dazzling mace
  6070 | D:7      | Identified the cursed +1 mace of Evil {flame, +Rage rC- Str+6 Dex+2} (You found it on level 7 of the Dungeon)
  6148 | D:7      | Noticed Duvessa
  6151 | D:7      | Noticed Dowan
  6173 | D:7      | Killed Dowan
  6173 | D:7      | Reached skill level 7 in Spellcasting
  6175 | D:7      | Killed Duvessa
  6191 | D:7      | Found a basalt altar of Yredelemnul.
  6253 | D:7      | Noticed galech's ghost (novice DDFi)
  6263 | D:7      | Killed galech's ghost
  6263 | D:7      | Reached ** piety under Sif Muna
  6263 | D:7      | Reached skill level 8 in Spellcasting
  6435 | D:7      | Reached skill level 9 in Spellcasting
  6567 | D:7      | Found a runed door.
  6603 | D:7      | Reached XP level 10. HP: 31/54 MP: 19/24
  6622 | D:7      | Reached skill level 10 in Spellcasting
  6772 | D:7      | Noticed Crazy Yiuf
  6777 | D:7      | Killed Crazy Yiuf
  6777 | D:7      | Reached skill level 1 in Air Magic
  6876 | D:8      | Reached *** piety under Sif Muna
  7043 | D:8      | Reached skill level 5 in Air Magic
  7048 | D:8      | Noticed a two-headed ogre
  7198 | D:8      | Killed a two-headed ogre
  7235 | D:8      | Found a blossoming altar of Fedhas.
  7440 | D:8      | Found a white marble altar of Elyvilon.
  7610 | D:8      | Slain by a wraith

Vault maps used:
D:1:      giann_forest_graveyard
D:2:      grunt_gozag_statues, uniq_terence
D:3:      nicolae_overflow_hidden_temple, first_ration
D:4:      nicolae_ossuary_entry_false_entrances, supply_closet_lemuel,
          minmay_splitting_lines, minmay_misc_feat_columns,
          kennysheep_another_room, minmay_misc_feat_encased
D:5:      minmay_temple_entry_nine_rooms, serial_shops, shop_coins,
          nicolae_shop_behind_doors, shop, nicolae_shop_window_shopping,
          uniq_prince_ribbit1
D:6:      uniq_sigmund
D:7:      basic_altar, grunt_livestock, uniq_crazy_yiuf_cottage, uniq_duvessa
D:8:      due_megacathedral, lemuel_doored_altar, kennysheep_flooded_box
Temple:   eino_temple_rhombus
Ossuary:  ossuary_tomb_2

Skill      XL: |  1  2  3  4  5  6  7  8  9 10 |
---------------+-------------------------------+-----
Conjurations   | 2 3 4 5 6 |  6.6
Fighting       | 1 2 |  2.6
Dodging        | 3 4 6 7 |  7.3
Shields        | 1 4 |  4.3
Spellcasting   | 6 9 10 | 10.0
Air Magic      | 6 |  6.7
Stealth        | |  2.0
Summonings     | |  1.2
Translocations | |  0.7

Action                   |  1- 3 |  4- 6 |  7- 9 | 10-12 || total
-------------------------+-------+-------+-------+-------++-------
Melee: Unarmed           |     1 |     2 |    14 |       ||    17
       Peck              |     1 |       |     3 |     4 ||     8
       Kick              |       |     2 |     7 |     3 ||    12
       Falchion          |       |       |    10 |       ||    10
 Cast: Magic Dart        |    82 |   187 |   310 |   145 ||   724
       Mephitic Cloud    |       |     6 |    15 |    10 ||    31
       Call Imp          |       |     2 |       |     1 ||     3
       Conjure Flame     |       |     3 |    16 |    14 ||    33
Invok: Divine Energy     |       |       |     1 |       ||     1
 Abil: Fly               |       |       |       |     2 ||     2
  Use: Scroll            |       |     5 |     7 |     3 ||    15
       Potion            |       |     2 |     1 |       ||     3
  Eat: Chunk             |     1 |     7 |    12 |     3 ||    23
Armor: Robe              |     3 |     4 |    11 |     9 ||    27
       Leather armour    |       |     7 |    11 |       ||    18
Dodge: Dodged            |     9 |    52 |    78 |    50 ||   189
Block: Buckler           |       |     8 |    28 |    18 ||    54
       Rpst.: Falchion   |       |       |     9 |    15 ||    24

Table legend:
 A = Spawn XP
 B = Non-spawn XP
 C = Spawn XP percentage of total XP
 D = Spawn monster count
 E = Non-spawn monster count
 F = Spawn count percentage of total count
 G = Total turns spent on level
                    A         B        C        D         E        F      G
               +---------+---------+-------+---------+---------+-------+---------
         Total |       0 |    7088 |   0.0 |       0 |     197 |   0.0 |  7610
               +---------+---------+-------+---------+---------+-------+---------
           D:1 |       0 |      25 |   0.0 |       0 |      17 |   0.0 |   986
           D:2 |       0 |     123 |   0.0 |       0 |      28 |   0.0 |  1346
           D:3 |       0 |     106 |   0.0 |       0 |      36 |   0.0 |   658
           D:4 |       0 |     346 |   0.0 |       0 |      12 |   0.0 |   900
           D:5 |       0 |     739 |   0.0 |       0 |      13 |   0.0 |   766
           D:6 |       0 |     820 |   0.0 |       0 |      16 |   0.0 |   959
           D:7 |       0 |    2412 |   0.0 |       0 |      24 |   0.0 |   866
           D:8 |       0 |    2180 |   0.0 |       0 |      23 |   0.0 |   747
       Ossuary |       0 |     337 |   0.0 |       0 |      28 |   0.0 |   369
               +---------+---------+-------+---------+---------+-------+---------
